 Dungeon Crawl Stone Soup version 0.26-a0-854-gdc81c2f471 (webtiles) character file.

Game seed: 11157220665922307716

620 robertstho the Covered (level 7, -3/48 HPs)
             Began as a Halfling Fighter on Nov 23, 2020.
             Slain by an ogre
             ... wielding a +0 giant club
              (20 damage)
             ... on level 5 of the Dungeon.
             The game lasted 00:06:49 (5230 turns).

robertstho the Covered (Halfling Fighter)           Turns: 5230, Time: 00:06:50

Health: -3/48      AC: 17    Str: 19    XL:     7   Next: 75%
Magic:  7/7        EV:  6    Int:  6    God:
Gold:   69         SH: 10    Dex: 14    Spells: 6/6 levels left

rFire    . . .     SeeInvis +   a - +0 long sword
rCold    . . .     Faith    .   c - +0 kite shield
rNeg     . . .     Spirit   .   k - +0 plate armour
rPois    .         Reflect  .   e - +0 helmet
rElec    .         Harm     .   (no cloak)
rCorr    .         Rampage  .   (no gloves)
MR       .....                  (no boots)
Stlth    ..........             (no amulet)
HPRegen  0.16/turn              h - ring of see invisible
MPRegen  0.10/turn              j - +4 ring of protection

@: no status effects
A: small, mutation resistance 1
a: no special abilities


You were on level 5 of the Dungeon.
You visited 1 branch of the dungeon, and saw 5 of its levels.

You collected 125 gold pieces.
You spent 56 gold pieces at shops.

Inventory:

Hand Weapons
 a - a +0 long sword (weapon)
Missiles
 i - 21 poisoned darts (quivered)
Armour
 b - a +0 scale mail
 c - a +0 kite shield (worn)
 e - a +0 helmet (worn)
 k - a +0 plate armour (worn)
 o - a +0 ring mail
Jewellery
 h - a ring of see invisible (left hand)
 j - a +4 ring of protection (right hand)
 y - an uncursed ring of flight
Scrolls
 l - a scroll of fog {unknown}
 m - a scroll of blinking {unknown}
 r - a scroll of random uselessness {unknown}
 w - a scroll of magic mapping {unknown}
 x - a scroll of immolation {unknown}
 z - 3 scrolls of identify
Potions
 d - a potion of berserk rage {unknown}
 f - a potion of flight {unknown}
 g - a potion of invisibility {unknown}
 n - 2 potions of mutation {unknown}
 p - a potion of magic {unknown}
 q - a potion of heal wounds {unknown}
 s - a potion of cancellation {unknown}
 t - a potion of degeneration {unknown}
 u - a potion of attraction {unknown}
 v - 2 potions of ambrosia {unknown}


   Skills:
 * Level 4.2 Fighting
 + Level 4.3 Long Blades
 * Level 5.8 Armour
 + Level 1.3 Dodging
 + Level 0.2 Stealth
 + Level 4.8 Shields


You had 6 spell levels left.
You didn't know any spells.
Your spell library was empty.

Dungeon Overview and Level Annotations

Branches:
Dungeon (5/15)
 Temple: D:4-7

Altars:

Shops:
D:4 ?

Annotations:
D:4 scroll shop


Innate Abilities, Weirdness & Mutations

You are small and have problems with some larger weapons.
You are somewhat resistant to further mutation.


Message History

You are too injured to fight recklessly!
You are too injured to fight recklessly!
You are too injured to fight recklessly!
You are too injured to fight recklessly!
You are too injured to fight recklessly!
You are too injured to fight recklessly!
You are too injured to fight recklessly!
You are too injured to fight recklessly!
You are too injured to fight recklessly!
You are too injured to fight recklessly!
You are too injured to fight recklessly!
You are too injured to fight recklessly!
You are too injured to fight recklessly!
You hit the ogre but do no damage.
The ogre is lightly wounded.
You block the ogre's attack.
You slash the ogre!
The ogre is heavily wounded.
The ogre hits you with a +0 giant club!!
You die...

#........ #....
##.......# .....
.........# #..... ...
........# #......
......#.....[# ##.......
...... #.....###........
......##.......[.....#
......#.........@O...#
#..........###..........
#.........## #..........
#.......## #..........
#......## #...........
##....#####............
#....##...............
#..........###........
##........###


You could see an ogre.

Vanquished Creatures
  An ice beast (D:5)
  A centaur (D:5)
  A water moccasin skeleton (D:5)
  2 orc priests (D:3)
  A bullfrog skeleton (D:4)
  A hound skeleton (D:4)
  8 gnolls (D:4)
  10 adders
  A white imp (D:5)
  2 oozes
  3 worms
  7 dart slugs
  2 leopard geckos
  12 orcs
  3 giant cockroaches
  6 goblins
  10 hobgoblins
  6 kobolds
  3 ball pythons
  8 bats
  11 frilled lizards
  2 leopard gecko skeletons (D:4)
  8 rats
109 creatures vanquished.

Vanquished Creatures (others)
  5 plants (D:1)
5 creatures vanquished.

Grand Total: 114 creatures vanquished

Notes
Turn   | Place    | Note
-------+----------+-------------------------------------------
     0 | D:1      | robertstho the Halfling Fighter began the quest for the
                  | Orb.
     0 | D:1      | Reached XP level 1. HP: 15/15 MP: 1/1
    32 | D:1      | Reached XP level 2. HP: 19/20 MP: 2/2
   282 | D:1      | Reached XP level 3. HP: 26/26 MP: 3/3
   695 | D:1      | Reached skill level 4 in Armour
   794 | D:2      | Reached XP level 4. HP: 28/31 MP: 4/4
  1464 | D:2      | Reached XP level 5. HP: 17/36 MP: 5/5
  2478 | D:3      | Reached XP level 6. HP: 10/42 MP: 6/6
  2897 | D:3      | Reached skill level 5 in Armour
  4263 | D:4      | Found Faegh's Magic Scroll Boutique.
  4270 | D:4      | Bought a scroll of identify for 28 gold pieces
  4270 | D:4      | Bought a scroll of identify for 28 gold pieces
  4297 | D:4      | Reached skill level 1 in Dodging
  4297 | D:4      | Reached XP level 7. HP: 42/47 MP: 7/7
  4564 | D:5      | Entered Level 5 of the Dungeon
  5230 | D:5      | Slain by an ogre

Illustrated notes

Levels and vault maps discovered:
D:1:      dpeg_arrival_tiny_a, layout_rooms, minmay_misc_feat_four_crosses,
          grunt_decor_junction, minmay_lizard_king
D:2:      layout_loops_ring, serial_glass, glass_columns_b, glass_columns_b,
          minmay_distorted
D:3:      layout_basic, minmay_liquid_box
D:4:      layout_gridville, serial_shops, shop
D:5:      layout_layer_cave, uniq_edmund

Skill      XL: |  1  2  3  4  5  6  7 |
---------------+----------------------+-----
Fighting       | 3 4 |  4.2
Armour         | 4 5 |  5.8
Long Blades    | 3 4 |  4.3
Shields        | 4 |  4.8
Dodging        | 1 |  1.3
Stealth        | |  0.2

Action                   |  1- 3 |  4- 6 |  7- 9 || total
-------------------------+-------+-------+-------++-------
Melee: Long sword        |    93 |   246 |    43 ||   382
  Use: Scroll            |       |     4 |       ||     4
       Potion            |       |     2 |     3 ||     5
Armor: Scale mail        |    41 |    45 |       ||    86
       Ring mail         |       |    17 |       ||    17
       Plate armour      |       |    48 |    17 ||    65
Dodge: Dodged            |    44 |    82 |    13 ||   139
Block: Kite shield       |    63 |   150 |    25 ||   238
       Rpst.: Long sword |    10 |    30 |     4 ||    44

Table legend: (Time is in decaauts)
 A = Elapsed time spent in this place.
 B = Non-inter-level travel time spent in this place.
 C = Inter-level travel time spent in this place.
 D = Time resting spent in this place.
 E = Time spent auto-exploring this place.
 F = Levels seen in this place.
 G = Mean time per level.
                   A        B        C        D        E       F      G
               +--------+--------+--------+--------+--------+-----+--------+
         Total |   5356 |   5192 |    164 |      0 |   4216 |   5 | 1071.2 |
       Dungeon |   5356 |   5192 |    164 |      0 |   4216 |   5 | 1071.2 |
               +--------+--------+--------+--------+--------+-----+--------+

Top non-repeatable levels by time:
     D:3: 1418 daAuts
     D:2: 1377 daAuts
     D:4: 1072 daAuts
     D:1: 817 daAuts
     D:5: 671 daAuts
